Map: Ulrena

Players

RedBaron - Winner!

  • Race: Zerg Zerg
  • League: Gold

VOD

Have the link to the VOD?

Description

Time

  • Played on: April 14, 2016, 4:08 a.m.
  • Length: 3:07
Show
View Real Time Build Order
Export as new Build Order

RedBaron Zerg - Winner!

Build Orders: Pool First 

Get SALT Encoding   

  12  0:04  Drone  
  12  0:13  Extractor  
  12  0:14  Drone  
  12  0:16  Drone  
  12  0:36  Spawning Pool  
  12  0:40  Drone  
  12  0:43  Extractor  
  12  0:45  Drone  
  12  0:56  Overlord  
  12  1:24  Metabolic Boost  
  12  1:27  Zergling x6  
  12  1:31  Queen  
  12  1:39  Zergling x2  
  12  1:54  Zergling x2  
  12  2:03  Hatchery  
  12  2:06  Zergling x2  
  12  2:17  Overlord  
  12  2:37  Zergling x2  
  12  2:38  Zergling x2  
  12  2:47  Zergling x8  
Tags
 
League
Gold
Opening
Pool First
Race
Zerg
Add a new tag
Caveats
  • Supply blocks, unpowered buildings, or Contaminate may cause inaccurate times.
  • Supply counts are checked every 10 seconds.